 Dungeon Crawl Stone Soup version 0.24.1-11-gbbbb2193e6 (webtiles) character file.

Game seed: 6940207458405724810, levelgen mode: deterministic

416 Peloso the Shield-Bearer (level 6, -1/53 HPs)
             Began as a Gnoll Fighter on May 14, 2020.
             Killed by divine providence
             ... invoked by an orc priest
              (9 damage)
             ... on level 4 of the Dungeon.
             The game lasted 00:05:56 (2928 turns).

Peloso the Shield-Bearer (Gnoll Fighter)            Turns: 2928, Time: 00:05:57

Health: -1/53      AC: 15    Str: 21    XL:     6   Next: 92%
Magic:  9/9        EV:  7    Int: 10    God:
Gold:   208        SH: 11    Dex: 14    Spells: 9/9 levels left

rFire    . . .     SeeInvis .   a - +0 long sword
rCold    . . .     Gourm    .   c - +0 shield
rNeg     + . .     Faith    .   h - +0 chain mail
rPois    +         Spirit   .   r - +1 helmet of the Hunter {rPois rN+}
rElec    .         Reflect  .   n - +1 cloak
rCorr    .         Harm     .   (no gloves)
MR       .....                  (no boots)
Stlth    ..........             (no amulet)
HPRegen  0.17/turn              (no ring)
MPRegen  0.11/turn              (no ring)

@: no status effects
A: distributed training, fangs 1, strong nose
a: no special abilities


You were on level 4 of the Dungeon.
You were very hungry.

You visited 1 branch of the dungeon, and saw 4 of its levels.

You collected 208 gold pieces.

Inventory:

Hand Weapons
 a - a +0 long sword (weapon)
Armour
 b - a +0 scale mail
 c - a +0 shield (worn)
 g - a +0 helmet
 h - a +0 chain mail (worn)
 n - a +1 cloak (worn)
 r - the +1 helmet of the Hunter (worn) {rPois rN+}
   (You took it off Robin on level 3 of the Dungeon)

   It protects you from poison.
   It protects you from negative energy.
Wands
 i - a wand of flame (3)
Scrolls
 e - 7 scrolls of identify {unknown}
 l - a scroll of magic mapping {unknown}
 m - a scroll of enchant armour {unknown}
 o - a scroll of teleportation {unknown}
 p - a scroll of enchant weapon {unknown}
 t - a scroll of remove curse {unknown}
Potions
 d - 2 potions of might
 j - 3 potions of lignification {unknown}
 k - 3 potions of curing {unknown}
 q - a potion of mutation {unknown}
 u - a potion of brilliance {unknown}
 v - a potion of haste {unknown}
Comestibles
 f - 7 rations


   Skills:
 + Level 6.9 Fighting
 + Level 2.1 Short Blades
 + Level 5.0 Long Blades
 + Level 2.1 Axes
 + Level 2.1 Maces & Flails
 + Level 2.1 Polearms
 + Level 2.1 Staves
 + Level 2.1 Slings
 + Level 2.1 Bows
 + Level 2.1 Crossbows
 + Level 2.1 Throwing
 + Level 6.9 Armour
 + Level 2.1 Dodging
 + Level 2.1 Stealth
 + Level 6.9 Shields
 + Level 2.1 Unarmed Combat
 + Level 2.1 Spellcasting
 + Level 1.7 Conjurations
 + Level 1.7 Hexes
 + Level 1.7 Charms
 + Level 1.7 Summonings
 + Level 1.7 Necromancy
 + Level 1.7 Translocations
 + Level 1.7 Transmutations
 + Level 1.7 Fire Magic
 + Level 1.7 Ice Magic
 + Level 1.7 Air Magic
 + Level 1.7 Earth Magic
 + Level 1.7 Poison Magic
 + Level 2.3 Invocations
 + Level 2.1 Evocations


You had 9 spell levels left.
You didn't know any spells.
Your spell library was empty.

Dungeon Overview and Level Annotations

Branches:
Dungeon (4/15)
 Temple: D:4-7

Altars:
Hepliaklqana
Sif Muna
Trog


Innate Abilities, Weirdness & Mutations

Your experience applies equally to all skills.
You have very sharp teeth.
Your uncanny sense of smell can sniff out nearby items.


Message History

The orc hits you with a +1 trident of flaming.
The orc burns you.
You hit the orc.
You kill the orc!
You hit the orc but do no damage. The orc barely misses you.
You riposte.
You barely miss the orc.
The orc priest invokes the aid of Beogh against you.
Beogh smites you!
You hit the orc but do no damage. The orc hits you but does no damage.
The orc priest mumbles some strange prayers to Beogh against you.
Beogh smites you!
* * * LOW HITPOINT WARNING * * *
You hit the orc.
The orc is almost dead.
You block the orc's attack.
The orc priest invokes the aid of Beogh against you.
You barely resist.
The orc priest mumbles some strange prayers to Beogh against you.
Beogh smites you!
You die...

####.#####.#.########.
......................
.....................
#........#...#......#.# .
#.!........#.#.###..#.# ..
#.#...#..#.#........#.# ...
#......o.#.#.##....##.#
....#.....#o##.#..........##
..........#@##....#....##...
..........#o##....##........
......)...#.##....##..._....
.o.....o..........##.......#
.#.......##................#
.........##.................
.#.#..#..##.................
#.......##.####+###........
#.......##.# ####....#


You could see 2 orc priests and an orc.

Vanquished Creatures
  Eustachio (D:4)
  Crazy Yiuf (D:2)
  Jessica (D:3)
  Terence (D:2)
  A worker ant (D:4)
  A hound skeleton (D:4)
  Robin (D:3)
  A gnoll (D:1)
  2 adders
  2 oozes (D:2)
  A worm (D:3)
  4 dart slugs
  3 leopard geckos
  4 orcs
  10 bats
  5 giant cockroaches
  16 goblins
  12 hobgoblins
  3 jackals (D:3)
  A quokka (D:2)
  6 frilled lizards
  A jackal skeleton (D:2)
  8 kobolds
  8 rats
94 creatures vanquished.

Notes
Turn   | Place    | Note
-------+----------+-------------------------------------------
     0 | D:1      | Peloso the Gnoll Fighter began the quest for the Orb.
     0 | D:1      | Reached XP level 1. HP: 23/23 MP: 1/1
   196 | D:1      | Reached XP level 2. HP: 26/29 MP: 2/2
   532 | D:1      | Reached XP level 3. HP: 35/35 MP: 3/3
   937 | D:2      | Reached skill level 1 in Invocations
   941 | D:2      | Noticed Terence
   954 | D:2      | Killed Terence
   954 | D:2      | Reached skill level 1 in Short Blades
   954 | D:2      | Reached skill level 1 in Axes
   954 | D:2      | Reached skill level 1 in Maces & Flails
   954 | D:2      | Reached skill level 1 in Polearms
   954 | D:2      | Reached skill level 1 in Staves
   954 | D:2      | Reached skill level 1 in Slings
   954 | D:2      | Reached skill level 1 in Bows
   954 | D:2      | Reached skill level 1 in Crossbows
   954 | D:2      | Reached skill level 1 in Throwing
   954 | D:2      | Reached skill level 1 in Dodging
   954 | D:2      | Reached skill level 1 in Stealth
   954 | D:2      | Reached skill level 1 in Unarmed Combat
   954 | D:2      | Reached skill level 1 in Spellcasting
   954 | D:2      | Reached skill level 1 in Evocations
   954 | D:2      | Reached XP level 4. HP: 38/41 MP: 5/5
  1053 | D:2      | Reached skill level 1 in Conjurations
  1053 | D:2      | Reached skill level 1 in Hexes
  1053 | D:2      | Reached skill level 1 in Charms
  1053 | D:2      | Reached skill level 1 in Summonings
  1053 | D:2      | Reached skill level 1 in Necromancy
  1053 | D:2      | Reached skill level 1 in Translocations
  1053 | D:2      | Reached skill level 1 in Transmutations
  1053 | D:2      | Reached skill level 1 in Fire Magic
  1053 | D:2      | Reached skill level 1 in Ice Magic
  1053 | D:2      | Reached skill level 1 in Air Magic
  1053 | D:2      | Reached skill level 1 in Earth Magic
  1053 | D:2      | Reached skill level 1 in Poison Magic
  1364 | D:2      | Found a runed translucent door.
  1365 | D:2      | Noticed Crazy Yiuf
  1388 | D:2      | Killed Crazy Yiuf
  1388 | D:2      | Reached XP level 5. HP: 5/47 MP: 1/7
  1749 | D:3      | Found a shimmering blue altar of Sif Muna.
  1749 | D:3      | Found a hazy altar of Hepliaklqana.
  1942 | D:3      | Noticed Jessica
  1953 | D:3      | Killed Jessica
  2259 | D:3      | Identified the +1 helmet of the Hunter {rPois rN+}
  2259 | D:3      | Noticed Robin
  2325 | D:3      | Killed Robin
  2520 | D:3      | Reached XP level 6. HP: 49/53 MP: 8/8
  2842 | D:4      | Found a bloodstained altar of Trog.
  2878 | D:4      | Noticed Eustachio
  2913 | D:4      | Killed Eustachio
  2913 | D:4      | Reached skill level 5 in Long Blades
  2928 | D:4      | Killed from afar by an orc priest

Levels and vault maps discovered:
D:1:      saegor_arrival_simple_b, layout_basic
D:2:      layout_rooms, first_ration, uniq_terence, uniq_crazy_yiuf_cottage
D:3:      layout_basic, gammafunk_temple_overflow_wave, uniq_robin, uniq_jessica
D:4:      layout_basic, minmay_temple_entry_fiery, serial_shops, shop_fountains,
          bloody_trog, uniq_grinder, uniq_eustachio

Skill      XL: |  1  2  3  4  5  6 |
---------------+-------------------+-----
Invocations    | 1 2 |  2.3
Short Blades   | 1 2 |  2.1
Axes           | 1 2 |  2.1
Maces & Flails | 1 2 |  2.1
Polearms       | 1 2 |  2.1
Staves         | 1 2 |  2.1
Slings         | 1 2 |  2.1
Bows           | 1 2 |  2.1
Crossbows      | 1 2 |  2.1
Throwing       | 1 2 |  2.1
Dodging        | 1 2 |  2.1
Stealth        | 1 2 |  2.1
Unarmed Combat | 1 2 |  2.1
Spellcasting   | 1 2 |  2.1
Evocations     | 1 2 |  2.1
Conjurations   | 1 |  1.7
Hexes          | 1 |  1.7
Charms         | 1 |  1.7
Summonings     | 1 |  1.7
Necromancy     | 1 |  1.7
Translocations | 1 |  1.7
Transmutations | 1 |  1.7
Fire Magic     | 1 |  1.7
Ice Magic      | 1 |  1.7
Air Magic      | 1 |  1.7
Earth Magic    | 1 |  1.7
Poison Magic   | 1 |  1.7
Long Blades    | 5 |  5.0
Fighting       | |  6.9
Armour         | |  6.9
Shields        | |  6.9

Action                   |  1- 3 |  4- 6 || total
-------------------------+-------+-------++-------
Melee: Long sword        |    77 |   233 ||   310
       Bite              |     9 |    23 ||    32
  Eat: Chunk             |       |     6 ||     6
Armor: Scale mail        |    27 |       ||    27
       Chain mail        |    12 |   193 ||   205
Dodge: Dodged            |    24 |    96 ||   120
Block: Shield            |    55 |   203 ||   258
       Rpst.: Long sword |     5 |    29 ||    34
